 Dungeon Crawl Stone Soup version 0.31.0-9-g3a7656b989 (webtiles) character file.

Game seed: 4762569503330347395

247 qw the Ducker (level 5, -1/26 HPs)
             Began as a Spriggan Hunter on Feb 2, 2024.
             Incinerated by a bombardier beetle (5 damage)
             ... with a burning spray
             ... on level 4 of the Dungeon.
             The game lasted 00:00:56 (2805 turns).

qw the Ducker (Spriggan Hunter)                     Turns: 2805, Time: 00:00:57

Health: -1/26      AC:  2    Str:  7    XL:     5   Next: 85%
Magic:  6/6        EV: 23    Int: 10    God:
Gold:   172        SH:  0    Dex: 27    Spells: 4/4 levels left

rFire   . . .        a - +0 shortbow
rCold   . . .        (shield currently unavailable)
rNeg    . . .        c - +0 robe
rPois   .            (helmet restricted)
rElec   .            (no cloak)
rCorr   +            (gloves unavailable)
SInv    +            (boots unavailable)
Will    .....        (no amulet)
Stlth   +            b - ring of resist corrosion
HPRegen 0.24/turn    l - +6 ring of dexterity
MPRegen 0.10/turn

%: no passive effects
@: on fire, glowing, very quick
A: very small, no large weapons, unfitting armour, see invisible, speed 3
a: no special abilities


You were on level 4 of the Dungeon.
You visited 1 branch of the dungeon, and saw 4 of its levels.

You collected 172 gold pieces.


Innate Abilities, Weirdness & Mutations

You are very small and have problems with some larger weapons.
You are too small for most types of armour.
You have supernaturally acute eyesight. (SInv)
You cover ground extremely quickly. (Speed+++)


   Skills:
 - Level 2.0 Fighting
 + Level 5.6 Ranged Weapons
 - Level 6.0 Dodging
 - Level 1.5 Stealth


You had 4 spell levels left.
You didn't know any spells.
Your spell library was empty.

Inventory:

Hand Weapons
 a - a +0 shortbow (weapon)
Armour
 c - a +0 robe (worn)
Jewellery
 b - a ring of resist corrosion (left hand)
 l - a +6 ring of dexterity (right hand)
Scrolls
 e - 4 scrolls of enchant armour
Potions
 f - a potion of enlightenment
 g - a potion of might
 h - a potion of haste
 k - a potion of resistance

Dungeon Overview and Level Annotations

Branches:
Dungeon (4/15)
 Temple: D:4-7

Altars:
Ashenzari
Qazlal
Ru
Trog
Yredelemnul
Zin


Message History

You are poisoned.
The scorpion poisons you!
You shoot an arrow.
The arrow hits the scorpion but does no damage.
The scorpion is heavily wounded.
You feel very sick.
The scorpion stings you but does no damage.
You shoot an arrow. The arrow barely misses the scorpion.
You feel sick. The scorpion completely misses you. The scorpion misses you.
You shoot an arrow. The arrow hits the scorpion!
You kill the scorpion!
You feel sick.
You start resting.
You feel sick. x4
You are no longer poisoned.
HP restored.
You see here a scorpion corpse.
You open the door.
A bombardier beetle, an orc priest and an endoplasm come into view.
The orc priest shouts!
The endoplasm quivers.
The orc priest mumbles some strange prayers to Beogh against you.
Pain shoots through your body!
Found 23 gold pieces, a scroll labelled PUSEWK SYLLUMP and a shiny orb.
You shoot an arrow.
The arrow hits the orc priest but does no damage.
The bombardier beetle sprays incendiary fluid at you.
The burning spray hits you.
You are covered in liquid fire!
You shoot an arrow. The arrow hits the orc priest!
The orc priest is heavily wounded.
The liquid fire burns you!
The orc priest calls down the wrath of Beogh upon you.
Beogh smites you!
Ouch! That really hurt!
You shoot an arrow.
The arrow hits the orc priest but does no damage.
The orc priest is heavily wounded.
The liquid fire burns you!
You die...

##'#
######..##
##..##.%..#
#....'....#
#....##.%##
####..#####+
##..#'## $$#
#..%%##.....
#...@'.B....
##..##oJ.8..
##+# .....
.... ?[# ##


You could see a bombardier beetle, an orc priest and an endoplasm.

Vanquished Creatures
  2 scorpions (D:4)
  4 gnolls (D:2)
  2 adders (D:3)
  2 ribbon worms
  5 orcs (D:3)
  8 endoplasms
  2 giant cockroaches
  5 goblins
  8 hobgoblins
  4 jackals (D:1)
  2 kobolds
  A quokka (D:1)
  5 ball pythons
  7 bats
  5 frilled lizards
  4 rats (D:2)
66 creatures vanquished.

Notes
Turn   | Place    | Note
-------+----------+-------------------------------------------
     0 | D:1      | qw the Spriggan Hunter began the quest for the Orb.
     0 | D:1      | Reached XP level 1. HP: 10/10 MP: 2/2
     0 | D:1      | 0 ||| qw: Version: 0.3-a-155-g5e7d8dd
     0 | D:1      | 0 ||| qw: Game counter: 2850
     0 | D:1      | 0 ||| qw: Melee chars always use a shield: true
     0 | D:1      | 0 ||| qw: God list: Okawaru
     0 | D:1      | 0 ||| qw: Allow faded altars: false
     0 | D:1      | 0 ||| qw: Do Orc after clearing Dungeon:15 true
     0 | D:1      | 0 ||| qw: Do second Lair branch before Depths: true
     0 | D:1      | 0 ||| qw: Lair rune preference: random
     0 | D:1      | 0 ||| qw: Goals: Normal
     0 | D:1      | 0 ||| PLANNING D:1-11
    17 | D:1      | Reached skill level 3 in Dodging
    19 | D:1      | 19 ||| RETREEEEATING.
    35 | D:1      | Reached XP level 2. HP: 13/14 MP: 3/3
   174 | D:1      | Reached skill level 4 in Dodging
   681 | D:1      | 681 ||| DROPPING ring of wizardry.
   682 | D:1      | 682 ||| READING 4 scrolls labelled XAUD WONLANO.
   682 | D:1      | 682 ||| IDENTIFYING amethyst potion
   683 | D:1      | 683 ||| READING 3 scrolls of identify.
   683 | D:1      | 683 ||| IDENTIFYING metallic brown potion
   684 | D:1      | 684 ||| READING 2 scrolls of identify.
   684 | D:1      | 684 ||| IDENTIFYING scroll labelled YGUOTE WOEHYORGH
   685 | D:1      | 685 ||| DROPPING scroll of butterflies.
   921 | D:2      | Reached XP level 3. HP: 18/18 MP: 4/4
  1246 | D:2      | Reached XP level 4. HP: 13/22 MP: 5/5
  1246 | D:2      | 1246 ||| FLEEEEING.
  1248 | D:2      | 1248 ||| FLEEEEING.
  1249 | D:2      | 1249 ||| FLEEEEING.
  1250 | D:2      | 1250 ||| FLEEEEING.
  1251 | D:2      | 1251 ||| FLEEEEING.
  1252 | D:2      | 1252 ||| FLEEEEING.
  1253 | D:2      | 1253 ||| FLEEEEING.
  1257 | D:2      | 1257 ||| FLEEEEING.
  1258 | D:2      | 1258 ||| FLEEEEING.
  1259 | D:2      | 1259 ||| FLEEEEING.
  1260 | D:2      | 1260 ||| FLEEEEING.
  1261 | D:2      | 1261 ||| FLEEEEING.
  1262 | D:2      | 1262 ||| FLEEEEING.
  1263 | D:2      | 1263 ||| FLEEEEING.
  1264 | D:2      | 1264 ||| FLEEEEING.
  1265 | D:2      | 1265 ||| FLEEEEING.
  1266 | D:2      | 1266 ||| FLEEEEING.
  1270 | D:2      | 1270 ||| FLEEEEING.
  1271 | D:2      | 1271 ||| FLEEEEING.
  1272 | D:2      | 1272 ||| FLEEEEING.
  1273 | D:2      | 1273 ||| FLEEEEING.
  1274 | D:2      | 1274 ||| FLEEEEING.
  1275 | D:2      | 1275 ||| FLEEEEING.
  1276 | D:2      | 1276 ||| FLEEEEING.
  1280 | D:2      | 1280 ||| FLEEEEING.
  1281 | D:2      | 1281 ||| FLEEEEING.
  1282 | D:2      | 1282 ||| FLEEEEING.
  1283 | D:2      | 1283 ||| FLEEEEING.
  1284 | D:2      | 1284 ||| FLEEEEING.
  1445 | D:2      | 1445 ||| UPGRADING to ring of resist corrosion.
  1446 | D:2      | 1446 ||| READING 3 scrolls of identify.
  1446 | D:2      | 1446 ||| IDENTIFYING golden potion
  1447 | D:2      | 1447 ||| READING 2 scrolls of identify.
  1447 | D:2      | 1447 ||| IDENTIFYING 2 scrolls labelled METREKH IVACH
  1448 | D:2      | 1448 ||| DROPPING 2 scrolls of noise.
  1449 | D:2      | 1449 ||| DROPPING potion of lignification.
  1515 | D:3      | 1515 ||| RETREEEEATING.
  1536 | D:3      | Reached skill level 5 in Dodging
  1665 | D:3      | Found a stormy altar of Qazlal.
  1687 | D:3      | Found a sacrificial altar of Ru.
  1689 | D:3      | Found a broken altar of Ashenzari.
  1689 | D:3      | Found a glowing silver altar of Zin.
  1690 | D:3      | Found a bloodstained altar of Trog.
  1690 | D:3      | Found a basalt altar of Yredelemnul.
  2470 | D:3      | 2470 ||| UPGRADING to +6 ring of dexterity.
  2471 | D:3      | 2471 ||| READING 2 scrolls of identify.
  2471 | D:3      | 2471 ||| IDENTIFYING green potion
  2472 | D:3      | 2472 ||| READING scroll of identify.
  2472 | D:3      | 2472 ||| IDENTIFYING 2 sedimented puce potions
  2473 | D:3      | 2473 ||| READING scroll labelled GOATHR SUMUWN.
  2477 | D:3      | 2477 ||| READING scroll labelled MYTWOF FUYNK.
  2627 | D:4      | Noticed a scorpion
  2628 | D:4      | 2628 ||| DRINKING 2 potions of haste.
  2639 | D:4      | Killed a scorpion
  2640 | D:4      | Reached skill level 6 in Dodging
  2640 | D:4      | Reached XP level 5. HP: 18/26 MP: 6/6
  2804 | D:4      | HP: 4/26 [orc priest/divine providence (13)]
  2805 | D:4      | Incinerated by a bombardier beetle

Levels and vault maps discovered:
D:1:      wander_arrival_peaceful_grave, layout_basic
D:2:      layout_loops_cross, grunt_ministairs_7
D:3:      layout_loops_corners, minitemple
D:4:      minmay_bubble_buster, layout_basic,
          grunt_temple_overflow_magic_moments, uniq_duvessa

Skill      XL: |  1  2  3  4 |
---------------+-------------+-----
Dodging        | 3 4 6 |  6.0
Ranged Weapons | 5 |  5.6
Fighting       | 2 |  2.0
Stealth        | |  1.5

Action                     |  1- 3 |  4- 6 || total
---------------------------+-------+-------++-------
   Fire: Shortbow          |    97 |    85 ||   182
    Use: Scroll            |     3 |     6 ||     9
         Potion            |       |     1 ||     1
 Armour: Robe              |    14 |    11 ||    25
  Dodge: Dodged            |    44 |    40 ||    84

Table legend:
 A = Non-vault XP
 B = Vault XP
 C = Vault XP percentage of total XP
 D = Non-vault monster count
 E = Vault monster count
 F = Vault count percentage of total count
                 A         B        C        D         E       F
            +---------+---------+-------+---------+---------+-------
      Total |     262 |      91 |  25.8 |      60 |       6 |   9.1
            +---------+---------+-------+---------+---------+-------
        D:1 |      34 |       0 |   0.0 |      20 |       0 |   0.0
        D:2 |      77 |       6 |   7.2 |      17 |       2 |  10.5
        D:3 |      67 |       0 |   0.0 |      20 |       0 |   0.0
        D:4 |      84 |      85 |  50.3 |       3 |       4 |  57.1
            +---------+---------+-------+---------+---------+-------
